 Dungeon Crawl Stone Soup version 0.19.4-9-g45fd643 (webtiles) character file.

296 Jerry the Slasher (level 5, 0/45 HPs)
             Began as a Demigod Gladiator on Feb 16, 2017.
             Killed by divine providence
             ... invoked by an orc priest
              (11 damage)
             ... on level 3 of the Dungeon.
             The game lasted 00:06:59 (2448 turns).

Jerry the Slasher (Demigod Gladiator)               Turns: 2448, Time: 00:06:59

Health: 0/45       AC:  6    Str: 20    XL:     5   Next: 87%
Magic:  7/7        EV: 13    Int: 12    God:
Gold:   151        SH:  0    Dex: 16    Spells: 0 memorised, 4 levels left

rFire  . . .     SeeInvis .     a - +1 long sword
rCold  . . .     Gourm    .     b - +0 leather armour
rNeg   . . .     Faith    .     (no shield)
rPois  +         Spirit   .     c - +0 helmet
rElec  .         Reflect  .     (no cloak)
rCorr  .         Harm     .     n - +1 pair of gloves
MR     .....                    (no boots)
Stlth  +.........               (no amulet)
                                (no ring)
                                e - ring of poison resistance

@: no status effects
A: high mp 1
a: no special abilities


You were on level 3 of the Dungeon.
You were hungry.

You visited 1 branch of the dungeon, and saw 3 of its levels.

You collected 151 gold pieces.

Inventory:

Hand Weapons
 a - a +1 long sword (weapon)
Missiles
 r - 2 throwing nets (quivered)
Armour
 b - a +0 leather armour (worn)
 c - a +0 helmet (worn)
 n - a +1 pair of gloves (worn)
 q - a +0 buckler
Jewellery
 e - a ring of poison resistance (left hand)
 w - an uncursed amulet of magic regeneration
Scrolls
 g - a scroll of remove curse
 h - a scroll of fog
 i - 3 scrolls of enchant armour
 m - a scroll of identify
Potions
 d - a potion of heal wounds
 k - a potion of haste
 l - a potion of beneficial mutation {unknown}
 s - a potion of berserk rage {unknown}
 t - a potion of might {unknown}
Comestibles
 f - 2 bread rations
 j - 2 beef jerkies


   Skills:
 + Level 3.3 Fighting
 * Level 4.7 Long Blades
 - Level 1.7 Throwing
 + Level 2.6 Armour
 - Level 2.6 Dodging


You had 4 spell levels left.
You didn't know any spells.

Dungeon Overview and Level Annotations

Branches:
Dungeon (3/15)

Annotations:
D:3 letownia's ghost, amateur OpWz


Innate Abilities, Weirdness & Mutations

You have an increased reservoir of magic. (+10% MP)


Message History

The orc closely misses you.
You riposte.
You closely miss the orc.
The orc is heavily wounded.
An orc comes into view. It is wielding a club.
The orc shouts!
You hit the orc.
You kill the orc!
The orc moves out of view.
The orc priest invokes the aid of Beogh against you.
Beogh smites you! The orc barely misses you.
You barely miss the orc. The orc hits you with a mace!
You barely miss the orc. The orc hits you with a mace.
There is a stone staircase leading down here.
The orc priest miscasts a cantrip.
The orc priest mumbles some strange prayers to Beogh against you.
Beogh smites you!
* * * LOW HITPOINT WARNING * * *
The orc priest calls down the wrath of Beogh upon you.
Beogh smites you!
You die...

#..# #oo# ##o# #.#
#.# #.# #o# #.#
#@# #.# #.# #.#
################.#
.................#
################.#
###


You could see an orc priest and 3 orcs.

Vanquished Creatures
  Grinder (D:3)
  Jessica (D:2)
  2 adders (D:2)
  A dart slug (D:3)
  3 leopard geckos
  2 orcs (D:3)
  4 giant cockroaches
  11 goblins
  2 hobgoblins (D:3)
  4 jackals (D:1)
  7 kobolds
  A quokka (D:2)
  2 bats
  5 frilled lizards
  6 rats
52 creatures vanquished.

Notes
Turn   | Place    | Note
-------+----------+-------------------------------------------
     0 | D:1      | Jerry the Demigod Gladiator began the quest for the Orb.
     0 | D:1      | Reached XP level 1. HP: 17/17 MP: 3/3
   119 | D:1      | Reached skill level 3 in Long Blades
   290 | D:1      | Reached XP level 2. HP: 22/24 MP: 4/4
   834 | D:2      | Reached XP level 3. HP: 29/29 MP: 5/5
   838 | D:2      | Noticed Jessica
   848 | D:2      | Killed Jessica
   848 | D:2      | Reached skill level 1 in Armour
   913 | D:2      | Found a stormy altar of Qazlal.
   918 | D:2      | Found a sacrificial altar of Ru.
   929 | D:2      | Found a basalt altar of Yredelemnul.
   936 | D:2      | Found an iron altar of Okawaru.
   941 | D:2      | Found a snail-covered altar of Cheibriados.
   949 | D:2      | Found a deep blue altar of Sif Muna.
   954 | D:2      | Found an ancient bone altar of Kikubaaqudgha.
  1350 | D:2      | Found an iron altar of Okawaru.
  1466 | D:2      | Reached XP level 4. HP: 37/37 MP: 6/6
  1788 | D:3      | Noticed letownia's ghost (amateur OpWz)
  2090 | D:3      | Noticed Grinder
  2106 | D:3      | Paralysed by Grinder for 5 turns
  2125 | D:3      | HP: 1/37 [Grinder (3)]
  2128 | D:3      | Killed Grinder
  2128 | D:3      | Reached skill level 4 in Long Blades
  2128 | D:3      | Reached XP level 5. HP: 1/45 MP: 7/7
  2448 | D:3      | Killed from afar by an orc priest

Skill      XL: |  1  2  3  4 |
---------------+-------------+-----
Fighting       | 2 3 |  3.3
Long Blades    | 3 4 |  4.7
Armour         | 1 2 |  2.6
Throwing       | |  1.7
Dodging        | |  2.6

Action                   |  1- 3 |  4- 6 || total
-------------------------+-------+-------++-------
Melee: Long sword        |    91 |    40 ||   131
Throw: Throwing net      |     3 |     5 ||     8
  Use: Scroll            |       |    10 ||    10
 Stab: Sleeping          |     1 |       ||     1
       Held in net/web   |       |     1 ||     1
  Eat: Chunk             |     2 |     2 ||     4
Armor: Leather armour    |    32 |     7 ||    39
Dodge: Dodged            |    83 |    23 ||   106
       Rpst.: Long sword |    25 |     9 ||    34
